 Dungeon Crawl Stone Soup version 0.19-a0-706-g03de5d9 (webtiles) character file.

32173 Gorice the Frost Mage (level 13, -3/78 HPs)
             Began as a Deep Elf Ice Elementalist on June 18, 2016.
             Was the Champion of Sif Muna.
             Slain by an eight-headed hydra (10 damage)
             ... on level 4 of the Lair of Beasts on June 19, 2016.
             The game lasted 02:45:38 (22044 turns).

Gorice the Frost Mage (Deep Elf Ice Elementalist)  Turns: 22044, Time: 02:45:40

Health: -3/78      AC: 24    Str:  5    XL:     13   Next: 29%
Magic:  20/31      EV: 13    Int: 34    God:    Sif Muna [******]
Gold:   362        SH:  0    Dex: 15    Spells: 9 memorised, 7 levels left

rFire  . . .     SeeInvis .     a - +2 dagger (venom)
rCold  . . .     Gourm    .     R - +2 robe {Archmagi}
rNeg   . . .     Faith    .     (no shield)
rPois  .         Spirit   .     n - +2 helmet
rElec  .         Dismiss  .     l - +0 cloak
rCorr  .         Reflect  .     M - +1 pair of gloves
SustAt .         Harm     .     g - +1 pair of boots
MR     +....                    (no amulet)
Stlth  ++........               y - +2 ring of intelligence
                                h - +6 ring of intelligence

@: icy armour, repel missiles, slow, somewhat resistant to hostile enchantments,
unstealthy
A: no striking features
a: Channel Energy, Forget Spell, Renounce Religion


You were on level 4 of the Lair of Beasts.
You worshipped Sif Muna.
Sif Muna was exalted by your worship.
You were not hungry.

You visited 3 branches of the dungeon, and saw 16 of its levels.

You collected 1194 gold pieces.
You spent 832 gold pieces at shops.

Inventory:

Hand Weapons
 a - a +2 dagger of venom (weapon)
   (You took it off an orc wizard on level 5 of the Dungeon)
 b - a +0 hunting sling of venom
   (You took it off a goblin on level 2 of the Dungeon)
 p - a +2 dagger of protection
   (You took it off an orc wizard on level 6 of the Dungeon)
 v - the +3 war axe of the Spectre {pain, +Blink MR+ Int+2 Dex-5, unknown}
   (You found it on level 2 of the Lair of Beasts)

   In the hands of one skilled in necromantic magic, it inflicts extra damage on
   living creatures.
   It affects your intelligence (+2).
   It affects your dexterity (-5).
   It affects your resistance to hostile enchantments.
   It lets you blink.
 w - a +1 dagger of holy wrath
   (You took it off an orc on level 3 of the Dungeon)
Missiles
 L - 48 sling bullets
 P - 11 javelins (quivered)
 Y - 3 throwing nets
Armour
 g - a +1 pair of boots (worn)
 l - a +0 cloak (worn)
 n - a +2 helmet (worn)
 M - a +1 pair of gloves (worn)
 R - a +2 robe of the Archmagi (worn)
   (You took it off an orc wizard on level 10 of the Dungeon)
Magical Staves
 W - an uncursed staff of fire
Jewellery
 f - an uncursed ring of see invisible
 h - a +6 ring of intelligence (left hand)
 y - a +2 ring of intelligence (right hand)
Wands
 e - a wand of lightning (8/15)
 j - a wand of iceblast (6/15)
 k - a wand of confusion (13/48)
 m - a wand of iceblast (4/15)
 q - a wand of teleportation (7/9) {!d}
 E - a wand of disintegration (15/24)
 U - a wand of hasting (7/9) {!d}
Scrolls
 d - 5 scrolls of magic mapping {!r}
 i - a scroll of recharging
 A - a scroll of enchant armour
 B - 2 scrolls of teleportation {!r}
 C - 4 scrolls of remove curse
 Q - a scroll of blinking
Potions
 o - a potion of flight
 s - 2 potions of heal wounds {!q}
 t - a potion of resistance {!q}
 u - a potion of cancellation {!q}
 x - 3 potions of lignification {!q}
 z - 4 potions of might {!q}
 D - a potion of agility {unknown}
 G - 3 potions of berserk rage
 H - a potion of ambrosia {unknown}
 I - 4 potions of curing
 J - 2 potions of brilliance {!q}
 O - 2 potions of haste {unknown}
 T - a potion of invisibility {unknown}
 V - a potion of cure mutation {!q}
Books
 F - a book of the Dragon
 K - a book of Clouds
Comestibles
 c - 17 bread rations {!e}
 r - 3 meat rations {!e}
 N - 20 fruits


   Skills:
 + Level 8.0 Fighting
 - Level 2.4 Dodging
 - Level 2.4 Stealth
 + Level 12.5 Spellcasting
 + Level 11.1 Conjurations
 - Level 7.0 Charms
 - Level 6.7 Summonings
 - Level 3.0 Translocations
 - Level 13.0 Ice Magic
 + Level 5.7 Air Magic


You had 7 spell levels left.
You knew the following spells:

 Your Spells              Type           Power        Failure   Level  Hunger
a - Freeze                Ice            ####         0%          1    None
b - Throw Frost           Conj/Ice       ######       1%          2    None
c - Ozocubu's Armour      Chrm/Ice       #######.     1%          3    None
d - Throw Icicle          Conj/Ice       ########     1%          4    None
e - Summon Ice Beast      Ice/Summ       #######.     1%          4    None
f - Bolt of Cold          Conj/Ice       ########..   2%          6    ####...
g - Freezing Cloud        Conj/Ice/Air   #######...   6%          6    ####...
J - Blink                 Tloc           N/A          1%          2    None
M - Repel Missiles        Chrm/Air       ######       1%          2    None


Dungeon Overview and Level Annotations

Branches:
Dungeon (11/15)            Temple (1/1) D:5            Lair (4/6) D:8
 Shoals (0/4) Lair:3        Snake (0/4) Lair:2          Orc (0/2) D:11

Altars:
Ashenzari
Cheibriados
Dithmenos
Elyvilon
Fedhas
Gozag
Hepliaklqana
Kikubaaqudgha
Makhleb
Nemelex Xobeh
Okawaru
Pakellas
Qazlal
Ru
Sif Muna
Trog
Uskayaw
Vehumet
Xom
Yredelemnul
Zin
The Shining One
Beogh

Shops:
D:6 :=([

Annotations:
D:5 Aquadorian's ghost, amateur DsHu
D:11 pUX: CeBe ghost!, tstbtto's ghost, novice CeBe
Lair:1 vpUX: oklob w minor loot, exclusion: oklob plant


Message History

Casting: Ozocubu's Armour
Confirm with . or Enter, or press ? or * to list all spells.
Aiming: Throw Icicle
Press: ? - help, Shift-Dir - straight line, f - spiny frog
Aim: a spiny frog You feel a surge of power!
The shard of ice hits the spiny frog.
You kill the spiny frog!
All of the chunks of flesh in your inventory have rotted away.
You now have 362 gold pieces (gained 9).
Your icy armour starts to melt.
Your icy armour evaporates.
You see here 3 tomahawks.
An eight-headed hydra comes into view.
The eight-headed hydra roars!
Casting: Throw Icicle
Confirm with . or Enter, or press ? or * to list all spells.
Aiming: Throw Icicle
Press: ? - help, Shift-Dir - straight line, f - eight-headed hydra
Aim: an eight-headed hydra You feel a surge of power!
The shard of ice hits the eight-headed hydra.
The eight-headed hydra is severely wounded.
Casting: Throw Icicle
Confirm with . or Enter, or press ? or * to list all spells.
You feel a surge of power! A film of ice covers your body!
The eight-headed hydra bites you! The eight-headed hydra bites you.
The eight-headed hydra closely misses you.
The eight-headed hydra misses you.
The eight-headed hydra bites you but does no damage. x2
The eight-headed hydra closely misses you.
The eight-headed hydra bites you!
Damage: 32 (max 32)
Casting: Ozocubu's Armour
Confirm with . or Enter, or press ? or * to list all spells.
Aiming: Throw Icicle
Press: ? - help, Shift-Dir - straight line, f/p - eight-headed hydra
Aim: an eight-headed hydra (severely wounded)
You feel a surge of power!
The shard of ice hits the eight-headed hydra.
The eight-headed hydra is almost dead.
The eight-headed hydra bites you but does no damage.
The eight-headed hydra bites you!
* * * LOW HITPOINT WARNING * * *
The eight-headed hydra bites you!
* * * LOW HITPOINT WARNING * * *
The eight-headed hydra closely misses you.
The eight-headed hydra bites you!!
* * * LOW HITPOINT WARNING * * *
The eight-headed hydra bites you!
You die...

### #.########.#### # #
##.#..#PP#..##.#### ..
............)...... ..
..............^.... ..
..##......P##.####. #.#.
#.......##..###..
#...##.......##P..###.
#..D@.....<..#P..#...
#...#............##.. ..
#...###............##.
#...... ##.......###..##.
#..#.# #.........#P..#P.
##.########.......##...#..
#..###..#.P...............
##.........(..............
#.........................


You could see an eight-headed hydra.

Vanquished Creatures
  The ghost of removeelyvilon the Grappler, a journeyman DrTm of Cheibriados (Lair:4)
  Josephine (D:10)
  An ogre mage (D:9)
  A hydra (Lair:4)
  2 catoblepae
  Urug (Lair:1)
  An unseen horror (D:10)
  2 hill giants
  An orc knight (D:11)
  Joseph (D:8)
  5 elephants (Lair:4)
  A torpor snail (Lair:3)
  2 black mambas (Lair:1)
  Psyche (D:11)
  5 spiny frogs
  2 komodo dragons (Lair:2)
  A kobold demonologist (D:11)
  2 trolls
  Grinder (D:6)
  A snapping turtle (Lair:3)
  4 two-headed ogres (D:9)
  11 blink frogs
  A wyvern (Lair:4)
  A shadow (D:10)
  9 yaks
  3 wraiths (D:10)
  2 basilisks
  8 hippogriffs
  A mottled dragon (D:11)
  2 wargs (D:8)
  10 water moccasins
  8 porcupines
  2 hell hounds (Lair:1)
  9 orc warriors
  6 ice beasts
  2 sky beasts (D:5)
  2 phantoms
  2 wasps (D:8)
  An eye of draining (D:9)
  2 black bears
  7 wolves
  15 ogres
  3 centaurs
  7 crocodiles
  A big kobold (D:5)
  Blork the orc (D:4)
  7 giant frogs
  4 scorpions
  5 killer bees (D:10)
  3 jellies
  4 wights
  4 howler monkeys
  A crimson imp (D:5)
  A quasit (D:11)
  A wasp zombie (D:8)
  3 giant frog skeletons
  2 giant frog zombies
  5 hounds
  7 orc priests
  12 orc wizards
  Crazy Yiuf (D:5)
  Jessica (D:3)
  10 iguanas
  11 worker ants
  5 sheep (Lair:4)
  A killer bee zombie (D:6)
  19 adders
  62 river rats
  3 shadow imps
  An ooze (D:6)
  2 adder zombies
  4 adder skeletons
  4 worms
  2 dart slugs (D:1)
  5 giant geckos
  57 orcs
  A ball python (D:5)
  7 bats
  5 giant cockroaches
  6 goblins
  5 hobgoblins
  21 jackals
  5 quokkas
  A giant cockroach zombie (D:6)
  A giant gecko skeleton (D:5)
  4 giant newts
  2 jackal skeletons (D:4)
  A jackal zombie (D:7)
  6 kobolds
  A quokka zombie (D:6)
  10 rats
  2 fungi
478 creatures vanquished.

Vanquished Creatures (collateral kills)
  2 death yaks
  A hill giant (D:9)
  An ugly thing (D:11)
  2 two-headed ogres (D:9)
  A wraith (D:10)
  3 yaks (Lair:1)
  A water moccasin (Lair:1)
  7 ogres (D:9)
  2 orcs (D:11)
20 creatures vanquished.

Vanquished Creatures (others)
  A lightning spire (D:9)
  3 bushes (D:9)
  6 fungi
10 creatures vanquished.

Grand Total: 508 creatures vanquished

Notes
Turn   | Place    | Note
--------------------------------------------------------------
     0 | D:1      | Gorice the Deep Elf Ice Elementalist began the quest for the Orb.
     0 | D:1      | Reached XP level 1. HP: 10/10 MP: 6/6
   156 | D:1      | Reached XP level 2. HP: 16/16 MP: 5/8
   370 | D:1      | Reached skill level 1 in Fighting
   797 | D:1      | Learned a level 2 spell: Throw Frost
   940 | D:2      | Reached XP level 3. HP: 20/20 MP: 5/9
  1164 | D:2      | Reached skill level 4 in Ice Magic
  1396 | D:2      | Learned a level 3 spell: Ozocubu's Armour
  1417 | D:3      | Reached skill level 2 in Conjurations
  1505 | D:3      | Noticed Jessica
  1511 | D:3      | Killed Jessica
  1511 | D:3      | Reached XP level 4. HP: 25/25 MP: 5/11
  1992 | D:3      | Found an iron altar of Okawaru.
  2253 | D:3      | Reached skill level 3 in Conjurations
  2339 | D:3      | Reached skill level 4 in Spellcasting
  2339 | D:3      | Reached XP level 5. HP: 30/30 MP: 8/13
  2434 | D:3      | Found a stormy altar of Qazlal.
  2618 | D:4      | Learned a level 4 spell: Throw Icicle
  2684 | D:4      | Reached skill level 2 in Fighting
  2922 | D:4      | Noticed an ogre
  2958 | D:4      | Killed an ogre
  2958 | D:4      | Reached skill level 4 in Conjurations
  2958 | D:4      | Reached XP level 6. HP: 35/35 MP: 4/14
  3052 | D:4      | Found a shattered altar of Ashenzari.
  3272 | D:5      | Entered Level 5 of the Dungeon
  3325 | D:5      | Noticed Blork the orc
  3351 | D:4      | Killed Blork the orc
  3351 | D:4      | Reached skill level 5 in Spellcasting
  3351 | D:4      | Reached skill level 5 in Ice Magic
  3527 | D:5      | Reached XP level 7. HP: 38/40 MP: 14/16
  3709 | D:5      | Found a snail-covered altar of Cheibriados.
  3716 | D:5      | Reached skill level 5 in Conjurations
  3896 | D:5      | Learned a level 4 spell: Summon Ice Beast
  3897 | D:5      | Found a bloodstained altar of Trog.
  3930 | D:5      | Reached skill level 3 in Fighting
  3930 | D:5      | Reached skill level 1 in Charms
  4080 | D:5      | Noticed Aquadorian's ghost (amateur DsHu)
  4283 | D:5      | Found a staircase to the Ecumenical Temple.
  4292 | Temple   | Entered the Ecumenical Temple
  4488 | Temple   | Upgraded the game from 0.19-a0-687-g35db334 to 0.19-a0-706-g03de5d9
  4644 | D:5      | Reached skill level 2 in Charms
  4916 | D:5      | Reached skill level 6 in Spellcasting
  5170 | D:5      | Reached XP level 8. HP: 43/46 MP: 19/19
  5313 | D:5      | Reached skill level 6 in Ice Magic
  5319 | D:5      | Reached skill level 3 in Charms
  5387 | D:6      | Noticed Grinder
  5463 | D:6      | Found Etuth's Jewellery Shoppe.
  5488 | D:6      | Found Pinkuett's Antique Weapon Shop.
  5630 | D:6      | Reached skill level 6 in Conjurations
  5660 | D:5      | HP: 12/48 [wight/enchanted mace (6)]
  5803 | D:5      | Reached skill level 4 in Charms
  6173 | D:6      | Found a deep blue altar of Sif Muna.
  6173 | D:6      | Found a glowing silver altar of Zin.
  6177 | D:6      | Became a worshipper of Sif Muna the Loreminder
  6346 | D:6      | Reached skill level 4 in Fighting
  6367 | D:6      | Found Sowunkij's Book Shop.
  6431 | D:6      | Found Doduebax's Antique Armour Shop.
  6485 | D:6      | Paralysed by Grinder for 6 turns
  6496 | D:6      | Killed Grinder
  6496 | D:6      | Reached skill level 7 in Ice Magic
  6504 | D:6      | Bought a pair of runed gloves for 130 gold pieces
  6583 | D:6      | Reached skill level 7 in Spellcasting
  6701 | D:7      | Found a hide-covered altar of Uskayaw.
  6746 | D:7      | Reached * piety under Sif Muna
  6746 | D:7      | Reached skill level 5 in Charms
  6746 | D:7      | Reached XP level 9. HP: 52/52 MP: 11/21
  6804 | D:7      | --book of ice - nice!
  7056 | D:7      | Reached skill level 1 in Summonings
  7169 | D:7      | Found a shadowy altar of Dithmenos.
  7596 | D:8      | Found a blossoming altar of Fedhas.
  7634 | D:8      | Reached ** piety under Sif Muna
  7634 | D:8      | Reached skill level 7 in Conjurations
  7634 | D:8      | Reached skill level 2 in Summonings
  7634 | D:8      | Reached skill level 8 in Ice Magic
  7738 | D:8      | Noticed Joseph
  7770 | D:8      | Killed Joseph
  7770 | D:8      | Reached skill level 6 in Charms
  7962 | D:8      | Found a white marble altar of Elyvilon.
  8079 | D:8      | Reached skill level 8 in Spellcasting
  8270 | D:8      | Reached skill level 3 in Summonings
  8422 | D:8      | Found a staircase to the Lair.
  8575 | D:8      | Reached *** piety under Sif Muna
  8575 | D:8      | Reached XP level 10. HP: 58/58 MP: 4/24
  9165 | D:5      | Reached skill level 5 in Fighting
  9294 | D:5      | Noticed Crazy Yiuf
  9297 | D:5      | Killed Crazy Yiuf
  9466 | Lair:1   | Entered Level 1 of the Lair of Beasts
  9509 | Lair:1   | Reached skill level 4 in Summonings
  9509 | Lair:1   | Reached skill level 9 in Ice Magic
  9530 | Lair:1   | Noticed a black mamba
  9534 | Lair:1   | Killed a black mamba
  9571 | Lair:1   | Noticed a black mamba
  9580 | Lair:1   | Killed a black mamba
  9614 | Lair:1   | Reached skill level 7 in Charms
  9729 | Lair:1   | Noticed an oklob plant
  9767 | Lair:1   | Reached skill level 5 in Summonings
  9793 | Lair:1   | Reached **** piety under Sif Muna
  9930 | Lair:1   | Noticed a catoblepas
  9931 | Lair:1   | --Catoblepas on L1!
  9956 | Lair:1   | Killed a catoblepas
  9956 | Lair:1   | Reached skill level 8 in Conjurations
 10075 | Lair:1   | Found a dark tunnel.
 10083 | Lair:1   | Reached skill level 9 in Spellcasting
 10134 | Lair:1   | Noticed Urug
 10196 | Lair:1   | Killed Urug
 10196 | Lair:1   | Reached ***** piety under Sif Muna
 10196 | Lair:1   | Reached skill level 6 in Summonings
 10196 | Lair:1   | Reached skill level 10 in Ice Magic
 10389 | Lair:1   | Learned a level 2 spell: Repel Missiles
 10393 | Lair:1   | Learned a level 2 spell: Blink
 10623 | D:8      | Reached XP level 11. HP: 27/64 MP: 20/26
 11673 | D:9      | Noticed an ogre mage
 11692 | D:9      | Reached skill level 6 in Fighting
 11850 | D:9      | Paralysed by an ogre mage for 6 turns
 11858 | D:9      | Killed an ogre mage
 11858 | D:9      | Reached skill level 1 in Translocations
 11934 | D:9      | Reached skill level 11 in Ice Magic
 12145 | D:9      | Found a hazy altar of Hepliaklqana.
 12192 | D:9      | Found a sacrificial altar of Ru.
 12245 | D:9      | Found a glowing golden altar of the Shining One.
 12598 | D:9      | Found an oddly glowing altar of Pakellas.
 12808 | D:9      | Reached skill level 10 in Spellcasting
 12896 | D:10     | Entered Level 10 of the Dungeon
 12967 | D:10     | Noticed an unseen horror
 12976 | D:10     | Killed an unseen horror
 12976 | D:10     | Reached skill level 9 in Conjurations
 12976 | D:10     | Reached skill level 2 in Translocations
 13032 | D:10     | Reached ****** piety under Sif Muna
 13212 | D:10     | Received a gift from Sif Muna
 13217 | D:10     | Identified Sif Muna's Disquisition on Poison (Sif Muna gifted it to you on level 10 of the Dungeon)
 13218 | D:10     | --All poison spells and I have no poison trained - thanks Sif!
 13555 | D:10     | Noticed a hill giant
 13574 | D:9      | Killed a hill giant
 13933 | D:10     | Reached skill level 3 in Translocations
 14418 | D:11     | Noticed an orc knight
 14497 | D:11     | Noticed a soul eater
 14497 | D:11     | Reached skill level 1 in Air Magic
 14535 | D:11     | Noticed a hill giant
 14541 | D:11     | Killed a hill giant
 14698 | D:11     | Reached XP level 12. HP: 71/71 MP: 24/28
 14911 | D:11     | Noticed Josephine
 14937 | D:10     | Killed Josephine
 15003 | D:10     | Reached skill level 12 in Ice Magic
 15343 | D:11     | Reached skill level 2 in Air Magic
 15506 | D:11     | Reached skill level 11 in Spellcasting
 15551 | D:11     | Noticed tstbtto's ghost (novice CeBe)
 15810 | D:11     | Found a roughly hewn altar of Beogh.
 15812 | D:11     | Found a staircase to the Orcish Mines.
 16015 | D:11     | Reached skill level 10 in Conjurations
 16478 | D:11     | Received a gift from Sif Muna
 16479 | D:11     | Noticed Psyche
 16479 | D:11     | Identified Sif Muna's Guide on the Entourage and Battle Magic (Sif Muna gifted it to you on level 11 of the Dungeon)
 16609 | D:11     | Killed Psyche
 16830 | Lair:1   | Reached skill level 3 in Air Magic
 17020 | D:6      | Bought a +6 ring of intelligence for 702 gold pieces
 17100 | Lair:1   | Learned a level 6 spell: Bolt of Cold
 17107 | Lair:1   | Learned a level 6 spell: Freezing Cloud
 17132 | Lair:1   | Reached skill level 7 in Fighting
 17534 | Lair:2   | HP: 17/72 [spiny frog (15)]
 17539 | Lair:2   | HP: 11/72 [poisoned by a spiny frog]
 17878 | Lair:2   | Found a staircase to the Snake Pit.
 18207 | Lair:2   | Got a polished war axe
 18592 | Lair:2   | Reached skill level 4 in Air Magic
 19420 | Lair:3   | Noticed a catoblepas
 19432 | Lair:3   | Noticed a death yak
 19437 | Lair:3   | Noticed a death yak
 19747 | Lair:2   | Killed a catoblepas
 19763 | Lair:2   | HP: 1/72 [death yak[a torpor snail] (25)]
 19769 | Lair:2   | Killed a death yak
 20023 | Lair:3   | Killed a death yak
 20023 | Lair:3   | Received a gift from Sif Muna
 20023 | Lair:3   | Reached skill level 12 in Spellcasting
 20438 | Lair:3   | Found a staircase to the Shoals.
 20551 | Lair:3   | Reached XP level 13. HP: 36/78 MP: 20/31
 20893 | Lair:4   | Noticed removeelyvilon's ghost (journeyman DrTm)
 20910 | Lair:4   | Killed removeelyvilon's ghost
 20910 | Lair:4   | Reached skill level 5 in Air Magic
 21136 | Lair:4   | Reached skill level 11 in Conjurations
 21356 | Lair:4   | Reached skill level 13 in Ice Magic
 21527 | Lair:4   | Reached skill level 8 in Fighting
 22044 | Lair:4   | HP: 7/78 [eight-headed hydra (18)]
 22044 | Lair:4   | Slain by an eight-headed hydra

Vault maps used:
D:1:      dpeg_arrival_fog
D:2:      first_bread
D:3:      wad_pebble_path, nicolae_overflow_hidden_temple, lemuel_crystal_altar,
          minmay_close_crescents, uniq_jessica
D:4:      lemuel_crystal_altar
D:5:      kennysheep_big_flooded_room, lemuel_crystal_altar,
          lightli_temple_of_fire, minmay_temple_entry_mist, serial_corexii_hall,
          corexii_hall_statues_x, corexii_hall_statues_i,
          corexii_hall_statues_s, corexii_hall_statues_x, uniq_blork_the_orc,
          uniq_crazy_yiuf_cottage
D:6:      black_bear_nest_1, gammafunk_temple_overflow_wave, serial_shops, shop,
          nicolae_shop_overgrown_old_shop, kennysheep_little_box, shop,
          uniq_grinder
D:7:      eat_drink_and_be_merry_uskayaw, nicolae_dithmenos_shadow_blocks
D:8:      fedhas_bush_and_centaur_altar, overflow_temple_1_default,
          erik_lair_orcish_takeover, uniq_joseph
D:9:      lemuel_ogre_cave, old_standard_altar,
          gammafunk_pakellas_spire_experiment, tso_metal_star,
          nicolae_ru_the_path_less_chosen
D:10:     grunt_ogre_cave
D:11:     old_forge, david_orc_5, uniq_psyche, uniq_josephine, uniq_harold
Temple:   minmay_temple_curvy_8
Lair:1:   enter_volcano_3, minmay_lair_oklob_bushes, uniq_urug
Lair:2:   guppyfry_snake_entry_island, grunt_megastairs_2, lemuel_fruit_tree,
          serial_bayou_shore_b
Lair:3:   minmay_shoals_entry_hut, minivault_11, minmay_holes,
          serial_bayou_shore_b

Skill      XL: |  1  2  3  4  5  6  7  8  9 10 11 12 13 |
---------------+----------------------------------------+-----
Fighting       | 1 2 3 4 5 6 7 8 |  8.0
Ice Magic      | 4 5 7 8 10 11 12 13 | 13.0
Conjurations   | 2 3 4 5 6 7 8 9 10 11 | 11.1
Spellcasting   | 4 5 6 7 8 9 10 12 | 12.5
Charms         | 2 5 6 7 |  7.0
Summonings     | 3 6 |  6.7
Translocations | 3 |  3.0
Air Magic      | 1 4 5 |  5.7
Dodging        | |  2.4
Stealth        | |  2.4

Action                   |  1- 3 |  4- 6 |  7- 9 | 10-12 | 13-15 || total
-------------------------+-------+-------+-------+-------+-------++-------
Melee: Unarmed           |     1 |       |       |       |       ||     1
       Dagger            |       |    22 |   302 |   497 |    84 ||   905
 Fire: Hunting sling     |       |     5 |    58 |   407 |    12 ||   482
Throw: Tomahawk          |       |       |     4 |     1 |       ||     5
       Javelin           |       |       |       |     2 |       ||     2
 Cast: Freeze            |    46 |    60 |   111 |   225 |    17 ||   459
       Throw Frost       |    11 |    28 |    65 |    37 |     5 ||   146
       Ozocubu's Armour  |       |       |    31 |   107 |    12 ||   150
       Throw Icicle      |       |       |    18 |   129 |    34 ||   181
       Summon Ice Beast  |       |       |       |    32 |       ||    32
       Repel Missiles    |       |       |       |     1 |       ||     1
       Freezing Cloud    |       |       |       |     2 |     2 ||     4
       Blink             |       |       |       |     1 |       ||     1
  Use: Scroll            |     7 |     8 |     8 |     8 |       ||    31
       Potion            |       |       |     2 |     3 |       ||     5
 Stab: Sleeping          |       |       |     3 |     3 |       ||     6
       Distracted        |       |       |     1 |       |       ||     1
  Eat: Chunk             |     2 |     6 |    18 |    29 |     5 ||    60
       Pizza             |       |       |       |     3 |       ||     3
       Royal jelly       |       |       |       |     2 |       ||     2
       Beef jerky        |       |       |       |     1 |       ||     1
Armor: Robe              |     3 |    10 |       |   244 |    51 ||   308
       Leather armour    |       |    10 |   170 |    79 |       ||   259
       Skin              |       |       |    14 |    26 |       ||    40
Dodge: Dodged            |    16 |    44 |   254 |   490 |    74 ||   878
       Deflected         |       |       |       |     8 |       ||     8

Table legend:
 A = Turns spent in this place as a percentage of turns spent in the entire game.
 B = Non-inter-level travel turns spent in this place as a percentage of non-inter-level travel turns spent in the entire game.
 C = Inter-level travel turns spent in this place as a percentage of turns spent in this place.
 D = Turns resting spent in this place as a percentage of non-inter-level travel turns spent in this place.
 E = Turns spent auto-exploring this place as a percentage of non-inter-level travel turns spent in this place.
 F = Non-inter-level travel turns spent in this place divided by the number of levels of this place that you've seen.
                   A       B       C       D       E      F
               +-------+-------+-------+-------+-------+----------------------
         Total | 100.0 | 100.0 |   0.5 |   2.9 |   3.7 | 571.8
       Dungeon |  69.3 |  69.3 |   0.5 |   2.9 |   3.8 | 576.2
        Temple |   0.8 |   0.7 |   1.4 |   0.0 |  11.8 |  68.0
          Lair |  29.9 |  30.0 |   0.4 |   2.9 |   3.3 | 685.5
               +-------+-------+-------+-------+-------+----------------------

Vault maps used:
D:1:      dpeg_arrival_fog
D:2:      first_bread
D:3:      wad_pebble_path, nicolae_overflow_hidden_temple, lemuel_crystal_altar,
          minmay_close_crescents, uniq_jessica
D:4:      lemuel_crystal_altar
D:5:      kennysheep_big_flooded_room, lemuel_crystal_altar,
          lightli_temple_of_fire, minmay_temple_entry_mist, serial_corexii_hall,
          corexii_hall_statues_x, corexii_hall_statues_i,
          corexii_hall_statues_s, corexii_hall_statues_x, uniq_blork_the_orc,
          uniq_crazy_yiuf_cottage
D:6:      black_bear_nest_1, gammafunk_temple_overflow_wave, serial_shops, shop,
          nicolae_shop_overgrown_old_shop, kennysheep_little_box, shop,
          uniq_grinder
D:7:      eat_drink_and_be_merry_uskayaw, nicolae_dithmenos_shadow_blocks
D:8:      fedhas_bush_and_centaur_altar, overflow_temple_1_default,
          erik_lair_orcish_takeover, uniq_joseph
D:9:      lemuel_ogre_cave, old_standard_altar,
          gammafunk_pakellas_spire_experiment, tso_metal_star,
          nicolae_ru_the_path_less_chosen
D:10:     grunt_ogre_cave
D:11:     old_forge, david_orc_5, uniq_psyche, uniq_josephine, uniq_harold
Temple:   minmay_temple_curvy_8
Lair:1:   enter_volcano_3, minmay_lair_oklob_bushes, uniq_urug
Lair:2:   guppyfry_snake_entry_island, grunt_megastairs_2, lemuel_fruit_tree,
          serial_bayou_shore_b
Lair:3:   minmay_shoals_entry_hut, minivault_11, minmay_holes,
          serial_bayou_shore_b
